[Event "*** Titled Tuesday 3|2 Blitz"]
[Site "Chess.com"]
[Date "2016.08.02"]
[Round "3"]
[White "Caisachess"]
[Black "stepanosinovsky"]
[Result "1-0"]
[WhiteElo "2188"]
[BlackElo "2221"]
[TimeControl "180+2"]
[EndTime "11:36:39 PDT"]
[Termination "Caisachess won on time"]

1. e4 e5 2. Nf3 Nc6 3. d4 exd4 4. Bc4 Bc5 5. O-O Nf6 6. e5 d5 7. exf6 dxc4 8. Re1+ Be6 9. Ng5 Qd5 10. Nc3 Qf5 11.
g4 Qxf6 12. Nd5 Qd8 13. Rxe6+ fxe6 14. Nxe6 Qh4 15. Bg5 Qh3 16. Ndf4 h6 17. Nxh3 hxg5 18. Nhxg5 Bd6 19. Qf3 Ne5 20. Qxb7 Ke7 21. f4 Nxg4 22.
Re1 Kf6 23. Nxd4 Rae8 24. Re6+ Rxe6 25. Ndxe6 c3 26. bxc3 Nxh2 27. Qe4 Ng4 28. Qd4+ Kf5 29. Qxg7 Rb8 30. Qf7+ Nf6 31. Nd4+ Kg4 32. Qxf6 Bxf4 33. Ne4 1-0

[Event "*** Titled Tuesday 3|2 Blitz"]
[Site "Chess.com"]
[Date "2016.08.02"]
[Round "3"]
[White "Sanan_Sjugirov"]
[Black "alturas_pacificas"]
[Result "1-0"]
[WhiteElo "2679"]
[BlackElo "2150"]
[TimeControl "180+2"]
[EndTime "11:36:42 PDT"]
[Termination "Sanan_Sjugirov won by resignation"]

1. d4 d5 2. c4 c6 3. Nf3 Nf6 4. e3 e6 5. Bd3 Nbd7 6. O-O dxc4 7. Bxc4 b5 8. Bd3 Bb7 9. e4 a6 10. e5 Nd5 11. Bg5 Qb6 12. a4 h6 13. Bh4 c5 14.
axb5 axb5 15. Rxa8+ Bxa8 16. Nc3 Nxc3 17. bxc3 Be7 18.
Bxe7 Kxe7 19. Be2 Rc8 20. Qd2 Kf8 21. Rb1 c4 22. h4 Kg8 23. h5 Qc6 24. Qf4 Nb6 25. Ne1 Nd5 26. Qg3 Rb8 27. Bf3 Qa6 28. Bxd5 Bxd5 29. Qe3 Qa2 30. Qc1 Qe2 31. f3 Ra8 32.
Rb2 Ra2 33. Rxe2 Rxe2 34. Nc2 1-0

[Event "*** Titled Tuesday 3|2 Blitz"]
[Site "Chess.com"]
[Date "2016.08.02"]
[Round "3"]
[White "Usurpov"]
[Black "MattyDPerrine"]
[Result "1-0"]
[WhiteElo "2335"]
[BlackElo "2209"]
[TimeControl "180+2"]
[EndTime "11:36:46 PDT"]
[Termination "Usurpov won on time"]

1. e4 c5 2. Nf3 e6 3. c3 Nf6 4. e5 Nd5 5. g3 d6 6. exd6 Bxd6 7. Bg2 O-O 8. O-O Nc6 9. d4 cxd4 10. Nxd4 Nxd4 11.
Qxd4 Qc7 12. Nd2 Rd8 13. Qc4 Qb8 14. Ne4 b5 15. Qe2 Be7 16. Rd1 a5 17. Bg5 Qa7 18. Bxe7 Qxe7 19. Qxb5 Ba6 20. Qc5 Qb7 21. Rd2 a4 22. Qd4 Qc7 23. Rad1 Rdb8 24. Nc5 Ra7 25. c4 Rb4 26. b3 h6 27. Nxa6 Rxa6 28. Qe4 Nc3 29. Rd8+ 1-0

[Event "*** Titled Tuesday 3|2 Blitz"]
[Site "Chess.com"]
[Date "2016.08.02"]
[Round "3"]
[White "lukas_111111"]
[Black "elefante33"]
[Result "0-1"]
[WhiteElo "2253"]
[BlackElo "2449"]
[TimeControl "180+2"]
[EndTime "11:36:57 PDT"]
[Termination "elefante33 won by resignation"]

1. d4 Nf6 2. c4 e6 3. Nf3 b6 4. g3 Bb7 5. Bg2 c5 6. d5 exd5 7. cxd5 Bxd5 8. Nc3 Bc6 9. O-O Be7 10. e4 d6 11. Nh4 O-O 12. Nf5 Re8 13. Bf4 Bf8 14.
Bxd6 g6 15. Bxf8 Kxf8 16. Nd6 Re6 17. Ndb5 Nbd7 18. Bh3 Re7 19. Qd6 Bxb5 20. Nxb5 Nxe4 21. Qf4 a6 22. Nc7 g5 23. Qf3 Qxc7 24. Bf5 Ndf6 25.
Rfe1 Rae8 26. Bxe4 Nxe4 27. Qf5 Qe5 28. Qxh7 Qf6 29.
Re2 Nd6 30. Rd2 Nc4 31. Rc2 Re1+ 32. Rxe1 Rxe1+ 33. Kg2 Ne3+ 0-1

[Event "*** Titled Tuesday 3|2 Blitz"]
[Site "Chess.com"]
[Date "2016.08.02"]
[Round "3"]
[White "Imre91"]
[Black "sandropozo"]
[Result "1-0"]
[WhiteElo "2535"]
[BlackElo "2372"]
[TimeControl "180+2"]
[EndTime "11:37:00 PDT"]
[Termination "Imre91 won by resignation"]

1. d4 d5 2. Nf3 Nf6 3. c4 c6 4.
Qb3 dxc4 5. Qxc4 Bg4 6. Nbd2 Nbd7 7. g3 e6 8. Bg2 Be7 9. O-O O-O 10. b3 Rc8 11.
Bb2 b5 12. Qd3 Bf5 13. e4 Nc5 14. Qe3 Ncxe4 15. Rac1 Nd5 16. Qe2 Nxd2 17. Nxd2 Nb4 18. Ne4 a5 19. a3 Nd5 20. Nc5 Re8 21. Qd2 Bg5 22. f4 Bf6 23. Nb7 Qe7 24. Nxa5 c5 25.
dxc5 Bxb2 26. Qxb2 Rxc5 27. b4 Rxc1 28. Rxc1 Ne3 29.
Bf3 Qd6 30. Nb7 Qb6 31. Qf2 h6 32. Rc3 Nc4 33. Qxb6 Nxb6 34. Nd6 Rd8 35. Nxb5 Rd2 36. g4 Bd3 37. Nd6 Nd5 38. Bxd5 exd5 39. f5 Kf8 40. Rc7 d4 41. Rxf7+ Kg8 42. Rd7 Kf8 43. b5 Be2 44. b6 Bf3 45. b7 Rb2 46. Rd8+ Ke7 47. b8=Q Rxb8 48. Rxb8 Kxd6 49. h3 Ke5 50. Kf2 Kf4 51. Rb4 Ke4 52. Rxd4+ 1-0

[Event "*** Titled Tuesday 3|2 Blitz"]
[Site "Chess.com"]
[Date "2016.08.02"]
[Round "3"]
[White "shivakaka"]
[Black "Generalas"]
[Result "1/2-1/2"]
[WhiteElo "2111"]
[BlackElo "2244"]
[TimeControl "180+2"]
[EndTime "11:37:03 PDT"]
[Termination "Game drawn by agreement"]

1. e4 e5 2. Nf3 Nc6 3. d4 exd4 4. Bc4 Nf6 5. e5 d5 6. Bb5 Ne4 7. Nxd4 Bc5 8. O-O Bd7 9. Bxc6 bxc6 10. Be3 O-O 11. f3 Ng5 12. f4 Ne4 13. Nc3 Nxc3 14. bxc3 Bb6 15. f5 c5 16. Nb3 c4 17. Nd4 Qe7 18.
f6 Qxe5 19. Qd2 Rfe8 20. Bf4 Qxf6 21. Bxc7 Qg6 22. Bg3 Re4 23. Kh1 Bxd4 24. cxd4 Bf5 25. c3 h5 26. Qf2 Bg4 27. h3 Re2 28. Qf4 Be6 29. Rae1 Rxa2 30. Qc7 h4 31. Rxe6 fxe6 32. Qe7 Qxg3 33. Qf7+ Kh7 34. Qh5+ Kg8 35. Qf7+ Kh7 36. Qh5+ 1/2-1/2

[Event "*** Titled Tuesday 3|2 Blitz"]
[Site "Chess.com"]
[Date "2016.08.02"]
[Round "3"]
[White "profofchess"]
[Black "ChadaevNikolay"]
[Result "0-1"]
[WhiteElo "2303"]
[BlackElo "2516"]
[TimeControl "180+2"]
[EndTime "11:37:09 PDT"]
[Termination "ChadaevNikolay won by resignation"]

1. e4 c5 2. Nf3 e6 3. c3 Nf6 4. Bd3 d5 5. e5 Nfd7 6. Bc2 c4 7. d4 cxd3 8. Bxd3 Nc6 9. Bf4 Be7 10. O-O g5 11.
Bg3 h5 12. h3 g4 13. hxg4 hxg4 14. Nd4 Ncxe5 15. Bb5 Bd6 16. Re1 Qg5 17. c4 Qh5 18. Kf1 a6 19. Bxd7+ Bxd7 20. cxd5 Qh1+ 21. Ke2 Qxg2 22.
Nc3 Rc8 23. Rg1 Qh3 24. Rh1 Qxh1 25. Qxh1 Rxh1 26. Rxh1 Ke7 27. dxe6 Bxe6 28. Nxe6 Kxe6 29. Rh6+ Ng6 30. Bxd6 Kxd6 31. Rh7 Ke6 32. Ke3 b5 33. Ne2 Ne5 34. b3 b4 35. Nd4+ Kd5 36. Nf5 Rc3+ 37. Kf4 Rf3+ 38. Kg5 Rxf2 39. Rh6 Rxa2 40. Rd6+ Kc5 41. Rd4 Nf3+ 0-1

[Event "*** Titled Tuesday 3|2 Blitz"]
[Site "Chess.com"]
[Date "2016.08.02"]
[Round "3"]
[White "ER404"]
[Black "Bab3s"]
[Result "0-1"]
[WhiteElo "2144"]
[BlackElo "2189"]
[TimeControl "180+2"]
[EndTime "11:37:09 PDT"]
[Termination "Bab3s won by resignation"]

1. d4 Nf6 2. c4 e6 3. Nc3 Bb4 4. Nf3 c5 5. g3 O-O 6. Bg2 Nc6 7. O-O cxd4 8. Nxd4 a6 9. Nxc6 bxc6 10. Na4 d5 11. Be3 Rb8 12. c5 e5 13. a3 Ba5 14. b4 Bc7 15. h3 h6 16. f4 Re8 17. Ra2 exf4 18. Bxf4 a5 19. Nb6 Ba6 20. Bxc7 Qxc7 21. Kh2 Re3 22.
Rf3 Rbe8 23. Qd2 Rxe2 24. Qf4 Qxf4 25. Rxe2 Qb8 26. Ref2 axb4 27. axb4 Re7 28. Kg1 Ne4 29. Rb2 Qe8 30. Kh2 Bb5 31. h4 Nf6 32. Rff2 Ng4+ 33. Kg1 Nxf2 34. Kxf2 Re2+ 0-1

[Event "*** Titled Tuesday 3|2 Blitz"]
[Site "Chess.com"]
[Date "2016.08.02"]
[Round "3"]
[White "FLchessplayer"]
[Black "Aragon"]
[Result "0-1"]
[WhiteElo "2016"]
[BlackElo "2083"]
[TimeControl "180+2"]
[EndTime "11:37:21 PDT"]
[Termination "Aragon won by resignation"]

1. d4 f5 2. Nf3 Nf6 3. g3 b6 4. Bg2 Bb7 5. O-O e6 6. c4 Be7 7. Nc3 Ne4 8. Qc2 Nxc3 9. Qxc3 O-O 10. Rd1 Bf6 11. Qb3 Nc6 12. Be3 d6 13. Rac1 Kh8 14. a3 a5 15. h4 Ne7 16. Ng5 Bxg2 17. Nxe6 Qc8 18. d5 Bh3 19. f3 f4 20. Nxf4 Bd7 21.
Qc2 Bf5 22. Qd2 Be5 23. Kg2 a4 24. Bd4 Ng6 25. Nxg6+ Bxg6 26. Bxe5 dxe5 27. e4 Bh5 28.
Rc3 h6 29. Rdc1 Qe8 30. Qe3 Qf7 31. Rf1 Qe7 32. c5 bxc5 33. Rxc5 Rf7 34. g4 Bg6 35. h5 Bh7 36. Rfc1 Raf8 37. R1c3 Qh4 38. Qe2 Rf4 39.
Rxc7 Bxe4 40. d6 Rxg4+ 41. Kf1 Qh1+ 42. Kf2 Rg2+ 43. Ke3 Rxe2+ 44. Kxe2 Bxf3+ 45. Kd3 Qf1+ 46. Ke3 Qe1+ 47. Kd3 Qd1+ 48. Kc4 Qxd6 49. Kb5 Be2+ 50. Ka5 Ra8+ 0-1

[Event "*** Titled Tuesday 3|2 Blitz"]
[Site "Chess.com"]
[Date "2016.08.02"]
[Round "3"]
[White "DanielRensch"]
[Black "Zhani-Z"]
[Result "0-1"]
[WhiteElo "2494"]
[BlackElo "2299"]
[TimeControl "180+2"]
[EndTime "11:37:23 PDT"]
[Termination "Zhani-Z won by resignation"]

1. d4 Nf6 2. Nc3 d5 3. Bf4 c6 4. e3 Bf5 5. h3 e6 6. Bd3 Bd6 7.
Bxd6 Qxd6 8. Bxf5 exf5 9. Qf3 g6 10. g4 fxg4 11. hxg4 Nbd7 12. O-O-O Qe6 13. g5 Ne4 14. Nge2 Nxg5 15. Qf4 Ne4 16. Nxe4 dxe4 17. Nc3 Nf6 18. Qc7 Qe7 19. Qe5 Qxe5 20. dxe5 Nd7 21. Nxe4 Nxe5 22. Nd6+ Ke7 23. Nxb7 Rab8 24. Na5 Rbc8 25. Rd4 h5 26. f4 Ng4 27. Rhd1 h4 28. Rd7+ Kf6 29. Nc4 h3 30. Nd6 Rcf8 31. Ne4+ Kg7 32. Kd2 h2 33. Rh1 Re8 34. Nd6 Rd8 35. Rxf7+ Kg8 36. Rxa7 Nf2 37. Ke2 Nxh1 38. Ne4 Rh3 39. Nf6+ Kh8 0-1

[Event "*** Titled Tuesday 3|2 Blitz"]
[Site "Chess.com"]
[Date "2016.08.02"]
[Round "3"]
[White "GrigorGrigorov"]
[Black "Newlight1"]
[Result "0-1"]
[WhiteElo "2488"]
[BlackElo "2393"]
[TimeControl "180+2"]
[EndTime "11:37:27 PDT"]
[Termination "Newlight1 won by resignation"]

1. d4 Nf6 2. c4 c5 3. d5 e6 4.
Nc3 exd5 5. cxd5 d6 6. Nf3 g6 7. Bf4 Bg7 8. Qa4+ Bd7 9. Qb3 Qc7 10. e4 O-O 11. Nd2 Re8 12. Be2 a6 13. a4 Bc8 14.
O-O Nbd7 15. Nc4 Ne5 16. Nxe5 dxe5 17. Be3 b6 18. Rfc1 Qd6 19. Qc2 Bb7 20. Nb1 Nd7 21. Bg4 f5 22. exf5 Nf6 23. Bh3 Nxd5 24. Nc3 Nxe3 25. fxe3 Rad8 26. Rd1 Qc6 27. e4 Rd4 28.
Nd5 Qd6 29. Rf1 Bxd5 30. exd5 Rxd5 31. Qc4 Kh8 32. f6 Bh6 33. Qxa6 Rf8 34. f7 Rd2 35.
Kh1 e4 36. Rae1 e3 37. b3 Rf2 38. Qc4 R8xf7 39. Rg1 Kg7 40. Qc3+ Qf6 41. Qc4 Re7 42. Re2 Rf1 43. Re1 Rxg1+ 44. Rxg1 e2 45. Re1 Bd2 0-1

[Event "*** Titled Tuesday 3|2 Blitz"]
[Site "Chess.com"]
[Date "2016.08.02"]
[Round "3"]
[White "ChessWarrior7197"]
[Black "fastestmindalive"]
[Result "0-1"]
[WhiteElo "2473"]
[BlackElo "2386"]
[TimeControl "180+2"]
[EndTime "11:37:32 PDT"]
[Termination "fastestmindalive won on time"]

1. d4 Nf6 2. Bf4 c5 3. e3 Nc6 4. c3 d5 5. Nd2 e6 6. Ngf3 Bd6 7.
Bg3 Qe7 8. Bd3 e5 9. dxe5 Nxe5 10. Nxe5 Bxe5 11. Bxe5 Qxe5 12. O-O O-O 13. Qc2 Re8 14.
Rad1 Bg4 15. Rde1 Qh5 16. c4 Rad8 17. f3 Be6 18. b3 b6 19. e4 dxc4 20. Bxc4 Qe5 21.
Rd1 Nh5 22. Bxe6 Qxe6 23. Nc4 Nf4 24. Ne3 Qf6 25. Rxd8 Rxd8 26. Rd1 Rd4 27. Nf5 Rxd1+ 28. Qxd1 h5 29. g3 Ne6 30. Kf2 g6 31. Ne3 Qb2+ 32.
Qc2 Qa1 33. Nd5 Nd4 34. Qd2 Qh1 35. Nf6+ Kg7 36. Nxh5+ Kf8 0-1

[Event "*** Titled Tuesday 3|2 Blitz"]
[Site "Chess.com"]
[Date "2016.08.02"]
[Round "3"]
[White "Cryptochess"]
[Black "WanderingPuppet"]
[Result "0-1"]
[WhiteElo "2441"]
[BlackElo "2280"]
[TimeControl "180+2"]
[EndTime "11:37:39 PDT"]
[Termination "WanderingPuppet won by resignation"]

1. e4 c5 2. Nc3 d6 3. g3 Nc6 4. Bg2 g6 5. d3 Bg7 6. Be3 Bd7 7.
Qd2 Rc8 8. h3 a6 9. Nf3 Nd4 10. Nh4 b5 11. O-O b4 12. Nd1 e6 13.
f4 Ne7 14. c3 bxc3 15. bxc3 Ndc6 16. g4 f5 17. gxf5 gxf5 18. exf5 O-O 19. fxe6 Bxe6 20. Nf3 Nd5 21. Ng5 Nxe3 22. Qxe3 Bf5 23. Bd5+ Kh8 24. Nf7+ Rxf7 25. Bxf7 Nd4 26. Qf2 Qf6 27. Bd5 Bxd3 28. cxd4 Qg6+ 29. Bg2 Bxd4 30. Ne3 Rg8 31. Rae1 c4 32. Kh2 Bxf1 33. Qxf1 Qg3+ 34. Kh1 Bxe3 35. Rxe3 Qxe3 36. Qa1+ c3 37. Qd1 Qd2 38. Qxd2 cxd2 39. Bf3 Rg3 40. Bd1 Re3 41. Kg2 Re1 42. Bh5 d1=Q 43. Bxd1 Rxd1 44. Kf3 Ra1 45. Kg4 Rxa2 46.
Kf5 Kg7 47. Ke6 Rf2 48. f5 d5 49. h4 d4 50. h5 h6 51. Ke5 d3 52. f6+ 0-1

[Event "*** Titled Tuesday 3|2 Blitz"]
[Site "Chess.com"]
[Date "2016.08.02"]
[Round "3"]
[White "dabee"]
[Black "BillieKimbah"]
[Result "1/2-1/2"]
[WhiteElo "2418"]
[BlackElo "2491"]
[TimeControl "180+2"]
[EndTime "11:37:40 PDT"]
[Termination "Game drawn by repetition"]

1. d4 Nf6 2. Bg5 d5 3. e3 c5 4. c3 Nc6 5. Nf3 Qb6 6. Qb3 c4 7. Qc2 Ne4 8. Bf4 Bf5 9. Qc1 e6 10. Nbd2 Bd6 11. Nxe4 Bxf4 12. Ng3 Bxg3 13. hxg3 h6 14.
Be2 Qc7 15. Bd1 b5 16. Bc2 Bxc2 17. Qxc2 b4 18. e4 Rb8 19. exd5 exd5 20. Rh5 Ne7 21. Qa4+ Kf8 22. Ne5 g6 23. Nd7+ Kg7 24. Re5 Rbe8 25. Kf1 bxc3 26. bxc3 Nf5 27. Rae1 Rxe5 28.
Rxe5 h5 29. Nc5 h4 30. gxh4 Rxh4 31. g3 Rh8 32. Kg2 Qb6 33. Qd1 Qb2 34. Qe1 Qc2 35. Rxd5 Rh5 36. Qe5+ Kh7 37. Qf6 Ne3+ 38. Kf3 Nxd5 39.
Qxf7+ Kh8 40. Qf8+ Kh7 41. Qf7+ Kh6 42. Qf8+ Kh7 43. Qf7+ 1/2-1/2

[Event "*** Titled Tuesday 3|2 Blitz"]
[Site "Chess.com"]
[Date "2016.08.02"]
[Round "3"]
[White "ecwinslow"]
[Black "maheswaran26"]
[Result "0-1"]
[WhiteElo "2001"]
[BlackElo "2034"]
[TimeControl "180+2"]
[EndTime "11:37:54 PDT"]
[Termination "maheswaran26 won by resignation"]

1. e4 e5 2. Nf3 Nc6 3. Bb5 a6 4. Ba4 d6 5. c4 g6 6. Bxc6+ bxc6 7. d4 f6 8. Nc3 Bg7 9. h3 Nh6 10. dxe5 fxe5 11. Bg5 Qd7 12. c5 Nf7 13. Be3 O-O 14.
Qb3 a5 15. Rd1 Qe6 16. Qxe6 Bxe6 17. Ng5 Nxg5 18. Bxg5 dxc5 19. Be7 Rfb8 20. Bxc5 Rxb2 21. Rd2 Rab8 22. Ba3 Rxd2 23. Kxd2 Bc4 24. Kc2 Kf7 25. Rd1 Ke6 26. f3 Bf6 27. Bc5 h5 28. g3 g5 29. Bf2 Rb7 30. Be3 Rb8 31. Rd2 Be7 32.
Rd1 Ba3 33. Bc1 Be7 34. Bf4 exf4 0-1

[Event "*** Titled Tuesday 3|2 Blitz"]
[Site "Chess.com"]
[Date "2016.08.02"]
[Round "3"]
[White "DeviatkinAndrey"]
[Black "platy3"]
[Result "1-0"]
[WhiteElo "2535"]
[BlackElo "2688"]
[TimeControl "180+2"]
[EndTime "11:37:58 PDT"]
[Termination "DeviatkinAndrey won by checkmate"]

1. d4 Nf6 2. Nf3 g6 3. Bg5 Bg7 4. e3 O-O 5. Nbd2 b6 6. Bc4 Bb7 7. O-O d6 8. h3 Nbd7 9. Qe2 a6 10.
a4 c5 11. c3 Qc7 12. Bd3 Rfe8 13. e4 h6 14. Be3 e5 15. d5 Nh7 16. b4 Rf8 17. g4 Rfe8 18. Rfc1 Nhf8 19. a5 b5 20. c4 bxc4 21. Nxc4 g5 22. Nxd6 Qxd6 23. bxc5 Nxc5 24. Bxc5 Qd7 25. Bxf8 Bxf8 26. Rab1 Bd6 27. Nd2 Rac8 28. Nc4 Bc5 29. Ne3 Bf8 30. Kg2 Rxc1 31. Rxc1 Qa4 32. Rc7 Ba8 33. Qf3 Re7 34. Rc8 Re8 35.
Rxe8 Qxe8 36. Bxa6 Qa4 37. Nc4 Be7 38. Nxe5 f6 39. Nc6 Bxc6 40. dxc6 Qxa5 41. Qb3+ Kg7 42.
Qe6 Qc5 43. Bc4 h5 44. Qg8+ Kh6 45. Qh8+ Kg6 46. gxh5# 1-0

[Event "*** Titled Tuesday 3|2 Blitz"]
[Site "Chess.com"]
[Date "2016.08.02"]
[Round "3"]
[White "Alexander_Moskalenko"]
[Black "viditchess"]
[Result "0-1"]
[WhiteElo "2620"]
[BlackElo "2537"]
[TimeControl "180+2"]
[EndTime "11:37:59 PDT"]
[Termination "viditchess won by resignation"]

1. e4 e5 2. Nf3 Nc6 3. d4 exd4 4. Bb5 Nf6 5. O-O a6 6. Bc4 Nxe4 7. Re1 d5 8. Bxd5 Qxd5 9. Nc3 Qa5 10. Nxe4 Be6 11. Neg5 O-O-O 12. Nxe6 fxe6 13. Rxe6 Bd6 14. a3 h6 15. Qd3 Qd5 16. Qe4 Qxe4 17. Rxe4 Rhe8 18. Rxe8 Rxe8 19. Kf1 g5 20. h3 Bf8 21. Bd2 Bg7 22. Re1 Rxe1+ 23. Nxe1 Ne5 24. Ke2 Kd7 25. Nd3 Kc6 26. g4 Kd5 27. f4 Nf7 28. Kf3 c5 29. b3 b5 30. Be1 Bf8 31. f5 Bd6 32. Ba5 c4 33. bxc4+ bxc4 34. Nb4+ Kc5 35. a4 c3 36. Nd3+ Kd5 37. Bb4 Ne5+ 38. Nxe5 Bxe5 39. Ke2 Kc4 40. Be7 d3+ 41. cxd3+ Kb3 42. Bc5 c2 43. Be3 Bf4 44. f6 Bxe3 45. f7 Bc5 46. d4 Bf8 47.
Kd2 Kb2 0-1

[Event "*** Titled Tuesday 3|2 Blitz"]
[Site "Chess.com"]
[Date "2016.08.02"]
[Round "3"]
[White "Balandel"]
[Black "igorkovalenko"]
[Result "0-1"]
[WhiteElo "2323"]
[BlackElo "2548"]
[TimeControl "180+2"]
[EndTime "11:38:05 PDT"]
[Termination "igorkovalenko won by checkmate"]

1. d4 d6 2. e4 Nf6 3. Nc3 g6 4.
Be2 Bg7 5. h4 h5 6. Nh3 c6 7. a4 a5 8. Ng5 e6 9. f3 Na6 10. Be3 Nb4 11. Kf2 Qc7 12. g3 b6 13.
Bf4 Nd7 14. Qd2 e5 15. Be3 O-O 16. Rad1 Nf6 17. dxe5 dxe5 18. Qd6 Qb7 19. Qd2 Bd7 20. Bc4 Rad8 21. Qe2 b5 22. axb5 cxb5 23. Nxb5 Bxb5 24.
Bxb5 Rxd1 25. Rxd1 Nxc2 26. Bc5 Nd4 27. Bxd4 exd4 28.
Bc4 Nd7 29. f4 Qb6 30. Kg2 Nf6 31. e5 Ng4 32. e6 Ne3+ 33. Kh3 fxe6 34. Nxe6 Rc8 35.
Ba2 Kh8 36. Nxg7 Kxg7 37. Qd2 Qc6 38. Qxd4+ Kh7 39. Qxe3 Re8 40. Qd3 Re7 41. Qd8 Qf6 42. Qg8+ Kh6 43. Rd8 Qf5+ 44. Kg2 Qe4+ 45. Kh3 Qf5+ 46.
Kg2 Qe4+ 47. Kh2 Qe2+ 48. Kg1 Qe1+ 49. Kg2 Re2+ 50. Kf3 Qf1# 0-1

[Event "*** Titled Tuesday 3|2 Blitz"]
[Site "Chess.com"]
[Date "2016.08.02"]
[Round "3"]
[White "petrpalachev"]
[Black "MinhGTrAn"]
[Result "0-1"]
[WhiteElo "2429"]
[BlackElo "2592"]
[TimeControl "180+2"]
[EndTime "11:38:07 PDT"]
[Termination "MinhGTrAn won by checkmate"]

1. d4 Nf6 2. c4 e6 3. Nf3 b6 4. g3 Bb7 5. Bg2 Be7 6. O-O O-O 7. Re1 Na6 8. a3 c5 9. d5 exd5 10. Nh4 Nc7 11. Nc3 Ne4 12. Nxd5 Nxd5 13. cxd5 Bxh4 14. Bxe4 Bf6 15. Qc2 h5 16. h4 Re8 17. Bf3 g6 18.
a4 d6 19. Bd2 a6 20. Bc3 b5 21.
b3 b4 22. Bb2 a5 23. e4 Kg7 24. Re3 Bxb2 25. Qxb2+ Qf6 26. Qxf6+ Kxf6 27. Be2 Re7 28. Bc4 Ba6 29. Bxa6 Rxa6 30. Rc1 Ra8 31. f4 Rae8 32. Rc4 Kg7 33. Kf2 f6 34. Kf3 Kf7 35.
Rc2 Rc8 36. Rc4 Ke8 37. g4 hxg4+ 38. Kxg4 Kd7 39. h5 gxh5+ 40. Kf5 Rg8 41. Rh3 Rh7 42.
Rh4 Rg3 43. Kxf6 Rxb3 44. e5 Rf3 45. e6+ Ke8 46. f5 Rg3 47. Rc1 Rh6# 0-1

[Event "*** Titled Tuesday 3|2 Blitz"]
[Site "Chess.com"]
[Date "2016.08.02"]
[Round "3"]
[White "yian123"]
[Black "Andrejkin"]
[Result "1/2-1/2"]
[WhiteElo "2355"]
[BlackElo "2221"]
[TimeControl "180+2"]
[EndTime "11:38:11 PDT"]
[Termination "Game drawn by repetition"]

1. e4 e5 2. Nf3 Nc6 3. Bb5 a6 4. Ba4 Nf6 5. O-O Be7 6. Re1 b5 7.
Bb3 d6 8. c3 O-O 9. h3 Na5 10.
Bc2 c5 11. d4 cxd4 12. cxd4 Qc7 13. Bg5 h6 14. Bh4 Bb7 15. Nbd2 Rfc8 16. Rc1 Nc4 17.
Bb3 a5 18. Nxc4 bxc4 19. Rxc4 Qb8 20. dxe5 dxe5 21. Bxf6 Bxf6 22. Qc2 Rxc4 23. Qxc4 Qe8 24. Qc7 Ba6 25. Bd5 Rc8 26. Qxa5 Bc4 27. Bxc4 Rxc4 28. Nd2 Ra4 29. Qc3 Rxa2 30. Nc4 Qb5 31. Rd1 Qa6 32. Ne3 Ra1 33. Rxa1 Qxa1+ 34. Kh2 Qa7 35. Qc8+ Kh7 36. Qf5+ Kg8 37. Nd5 Bh4 38. g3 g6 39. Qc8+ Kg7 40. Kg2 Qd4 41. Nc3 Bd8 42. Qg4 Ba5 43. Qf3 Bxc3 44. bxc3 Qc4 45. h4 f6 46. Qe3 h5 47.
Qa7+ Kh6 48. Qe3+ Kg7 49. Kh2 Qc6 50. Qd3 Kf7 51. Qd5+ Qxd5 52. exd5 Ke7 53. c4 Kd6 54. f3 f5 55. Kg2 Kc5 56. Kf2 Kd6 57. Ke3 Kc5 58. Kd3 Kd6 59. Kc3 Kc5 60. Kd3 Kd6 61. g4 hxg4 62. fxg4 fxg4 63. Ke3 Kc5 64. Ke4 Kd6 65.
Ke3 Kc5 66. Ke4 Kd6 67. Ke3 Kc5 1/2-1/2

[Event "*** Titled Tuesday 3|2 Blitz"]
[Site "Chess.com"]
[Date "2016.08.02"]
[Round "3"]
[White "Alexander_Donchenko"]
[Black "Yaacovn"]
[Result "0-1"]
[WhiteElo "2525"]
[BlackElo "2623"]
[TimeControl "180+2"]
[EndTime "11:38:19 PDT"]
[Termination "Yaacovn won by resignation"]

1. Nf3 Nf6 2. g3 b6 3. Bg2 Bb7 4. d4 g6 5. c4 Bg7 6. O-O O-O 7. Qc2 e6 8. Nc3 c5 9. d5 exd5 10.
Nd2 Nc6 11. cxd5 Nd4 12. Qd3 a5 13. e3 Ba6 14. Nc4 Nf5 15. a4 Nd6 16. b3 Nfe8 17. Rb1 Nxc4 18. bxc4 Nd6 19. Nb5 Bxb5 20. axb5 f5 21. e4 fxe4 22. Bxe4 Nxe4 23. Qxe4 Qe8 24.
Qd3 Qf7 25. Bb2 Rae8 26. Bxg7 Qxg7 27. Rbe1 Qb2 28. Rb1 Qe2 29. Qc3 Rf3 30. Qc1 Re4 31. Qg5 Rf8 32. Rbc1 Rxc4 33. Rce1 Qf3 34. Re7 Qf6 35. Qe3 Rc3 36. Qe4 Rf7 37. Re8+ Kg7 38. Ra8 Rf3 39. Qe2 h5 40. h4 Qd4 41. Kg2 Qxd5 42.
Kh2 Qxa8 43. Qe5+ Kh7 44. Kh3 R3f5 45. Qd6 Qf3 46. Kh2 R5f6 47. Qc7 Qe2 48. Kg1 Rxf2 0-1

[Event "*** Titled Tuesday 3|2 Blitz"]
[Site "Chess.com"]
[Date "2016.08.02"]
[Round "3"]
[White "simonachess"]
[Black "Kawhi_Leonard2"]
[Result "1-0"]
[WhiteElo "2116"]
[BlackElo "2076"]
[TimeControl "180+2"]
[EndTime "11:38:25 PDT"]
[Termination "simonachess won by resignation"]

1. d4 Nf6 2. c4 e6 3. Nf3 d5 4. Nc3 Bb4 5. Bg5 h6 6. Bxf6 Qxf6 7. e3 c6 8. Rc1 O-O 9. Qc2 Nd7 10. a3 Bd6 11.
cxd5 exd5 12. Bd3 Re8 13. O-O Nf8 14. Rfe1 Bg4 15. Be2 Ng6 16. Nd2 h5 17. Nf1 Qg5 18.
f4 Qf6 19. Bxg4 hxg4 20. g3 Ne7 21. Rcd1 Nf5 22. Qd3 Bc7 23. Re2 Nd6 24. Rde1 Rad8 25. Nd2 Nf5 26. Nd1 Re7 27. Nf2 Qg6 28. b4 a6 29. Qc3 Bb6 30. Nf1 Rde8 31. Qd2 Re6 32. Qd1 Nd6 33. Nd3 f6 34. Nc5 R6e7 35. Qc2 Qxc2 36.
Rxc2 Nc4 37. Rc3 a5 38. e4 axb4 39. axb4 dxe4 40. Rxc4 f5 41. Ne3 g6 42. Ra1 Rd8 43.
Kf2 Bxc5 44. bxc5 Red7 45. Raa4 Kf7 46. Kg2 Ke6 47. Rcb4 Kf6 48. h4 gxh3+ 49. Kxh3 Ke6 50. Kg2 Kf6 51. Kf2 Ke6 52. Ng2 Kf6 53. Ke3 Rh8 54. Nh4 g5 55. fxg5+ Kxg5 56. Ra7 Rhh7 57. Ra8 Kg4 58. Rg8+ Rdg7 59. Rxg7+ Rxg7 60. Rb1 f4+ 61. gxf4 1-0

[Event "*** Titled Tuesday 3|2 Blitz"]
[Site "Chess.com"]
[Date "2016.08.02"]
[Round "3"]
[White "saraswathii"]
[Black "ajkom197"]
[Result "1/2-1/2"]
[WhiteElo "2105"]
[BlackElo "2202"]
[TimeControl "180+2"]
[EndTime "11:38:27 PDT"]
[Termination "Game drawn - insufficient material"]

1. e4 c6 2. d3 d5 3. Nd2 g6 4.
Ngf3 Bg7 5. g3 Bg4 6. Bg2 Nd7 7.
O-O e6 8. h3 Bxf3 9. Nxf3 Ne7 10. Qe2 O-O 11. e5 c5 12. c3 Qb6 13. Bg5 Nc6 14. Bf4 Rae8 15. Rad1 f6 16. d4 cxd4 17. cxd4 fxe5 18. dxe5 Rf5 19. Ng5 Bxe5 20. Nxe6 Rxe6 21. Bxd5 Nf8 22. Rfe1 Kh8 23. Bxe6 Nxe6 24. Bxe5+ Rxe5 25. Qg4 Rxe1+ 26. Rxe1 Ncd4 27. Qe4 Qc6 28. Qxc6 bxc6 29.
Kg2 Kg7 30. Re5 c5 31. a3 Kf6 32. Rd5 Ke7 33. b4 c4 34. Kf1 c3 35. Ke1 Nc2+ 36. Kd1 Nxa3 37. Ra5 Nc4 38. Rxa7+ Kd6 39. Kc2 Kd5 40.
Kxc3 Nd6 41. Rxh7 Ne4+ 42. Kb3 Nxf2 43. h4 Ng4 44. h5 gxh5 45. Rxh5+ Ke4 46. b5 Nd4+ 47.
Kb4 Nxb5 48. Kxb5 Kf3 49. Rf5+ Kxg3 50. Kc5 Ne3 51. Rf8 Ng4 52. Kd4 Nf2 53. Ke3 Ng4+ 54. Ke2 Ne5 55. Rf5 Ng4 56. Rf3+ Kh4 57. Rf4 Kg5 58.
Kf3 Ne5+ 59. Kg3 Ng6 60. Rf2 Ne5 61. Rf4 Ng6 62. Ra4 Ne5 63. Rd4 Kf5 64. Rd5 Ke4 65. Ra5 Nd3 66. Ra4+ Ke3 67. Ra3 Ke4 68. Rxd3 Kxd3 1/2-1/2

[Event "*** Titled Tuesday 3|2 Blitz"]
[Site "Chess.com"]
[Date "2016.08.02"]
[Round "3"]
[White "MyleneFarmer"]
[Black "Ginger_GM"]
[Result "0-1"]
[WhiteElo "2355"]
[BlackElo "2401"]
[TimeControl "180+2"]
[EndTime "11:38:29 PDT"]
[Termination "Ginger_GM won on time"]

1. Nf3 f5 2. g3 Nf6 3. Bg2 d6 4. O-O e5 5. d3 Be7 6. Nc3 O-O 7. e4 f4 8. d4 fxg3 9. hxg3 exd4 10. Nxd4 Qe8 11.
Bg5 Bg4 12. f3 Bd7 13. f4 Ng4 14. Bxe7 Qxe7 15. Nd5 Qd8 16. Bf3 Nf6 17. Ne3 Nc6 18. Nef5 Nxd4 19. Nxd4 Qe8 20. Qd3 Qg6 21. Bg2 Rae8 22.
Rae1 Nh5 23. Re3 Kh8 24. Ne2 Bg4 25. Nc3 Nf6 26. a3 Qh5 27. e5 Bf5 28. Qe2 Ng4 29. Bf3 dxe5 30. Rxe5 Qg6 31. Bxg4 Bxg4 32. Qe3 Rxe5 33.
fxe5 Rxf1+ 34. Kxf1 b6 35. Qf4 h6 36. Ne4 Be6 37. b3 Bd5 38. Nf2 Qxc2 39. Qf8+ Kh7 40. Qd8 Qb1+ 41. Ke2 Qxb3 42. Qxc7 Qc4+ 43. Qxc4 Bxc4+ 44.
Ke3 Kg6 45. Kf4 Kf7 46. Ne4 Ke6 47. Nd6 Bd5 48. Nc8 g5+ 49. Ke3 Kxe5 50. Nxa7 h5 51. Nb5 h4 52. gxh4 gxh4 53. Nc3 h3 54. Kf2 h2 55. Nxd5 Kxd5 0-1